 Dungeon Crawl Stone Soup version 0.30-a0-924-g0ad0bf95bc (webtiles) character file.

Game seed: 12962367440802050133

123227 funkygono the Severer (level 16, -10/140 (154) HPs)
             Began as a Minotaur Fighter on Mar 21, 2023.
             Was a High Priest of Okawaru.
             Killed from afar by an efreet (18 damage)
             ... with a bolt of fire
             ... on level 2 of the Abyss on Mar 22, 2023.
             The game lasted 00:55:37 (22454 turns).

funkygono the Severer (Minotaur Fighter)           Turns: 22454, Time: 00:55:38

HP:   -10/140 (154) AC: 45    Str: 29    XL:     16   Next: 36%
MP:   19/19         EV:  7    Int:  5    God:    Okawaru [*****.]
Gold: 1549          SH: 20    Dex: 10    Spells: 15/15 levels left

rFire   . . .      SeeInvis .    a - +3 war axe (flame)
rCold   + . .      Faith    .    L - +2 kite shield {rC+}
rNeg    . . .      Spirit   .    S - +4 crystal plate armour "Coing" {+Inv rPois}
rPois   +          Reflect  +    G - +2 hat
rElec   .          Rampage  .    u - +2 cloak
rCorr   .                        (no gloves)
Will    +....                    x - +2 pair of boots Stlth
                                 k - amulet "Cezxen Nadi" {Reflect Slay+3 SH+5 Stlth+}
HPRegen 0.43/turn                p - +4 ring of protection
MPRegen 0.16/turn                z - +4 ring of protection

@: drained
A: horns 2, retaliatory headbutt
a: Renounce Religion, Evoke Invisibility, Heroism, Finesse, Duel


You were on level 2 of the Abyss.
You worshipped Okawaru.
Okawaru was extremely pleased with you.
You visited 4 branches of the dungeon, and saw 22 of its levels.
You visited the Abyss 1 time.
You also visited: Ossuary, Gauntlet and Ice Cave.

You collected 2327 gold pieces.
You spent 778 gold pieces at shops.

Inventory:

Hand Weapons
 a - a +3 war axe of flaming (weapon)
 Q - a +3 war axe of freezing
Missiles
 c - 7 javelins
 t - 4 throwing nets
 y - 12 boomerangs (quivered)
Armour
 u - a +2 cloak (worn)
 x - a +2 pair of boots (worn)
 G - a +2 hat (worn)
 L - a +2 kite shield of cold resistance (worn)
 S - the +4 crystal plate armour "Coing" (worn) {+Inv rPois}
   (Okawaru gifted it to you on level 5 of the Lair of Beasts)

   rPois:     It protects you from poison.
   +Inv:      It lets you turn invisible.
Jewellery
 g - a ring of see invisible
 i - a ring of protection from fire
 k - the amulet "Cezxen Nadi" (around neck) {Reflect Slay+3 SH+5 Stlth+}
   (You bought it in a shop on level 2 of the Orcish Mines)

   [amulet of reflection]

   It reflects blocked missile attacks.
   Slay:      It affects your accuracy & damage with ranged weapons and melee
   (+3).
   SH:        It affects your SH (+5).
   Stlth:     It makes you more stealthy.
 n - an amulet of regeneration
 o - a ring of protection from cold
 p - a +4 ring of protection (left hand)
 z - a +4 ring of protection (right hand)
 H - a ring of resist corrosion
 M - an amulet of the acrobat
 N - a ring of flight
 U - a +5 ring of evasion
 W - a ring of protection from fire
Wands
 f - a wand of digging (3)
 w - a wand of flame (68)
 K - a wand of quicksilver (5)
Scrolls
 e - 3 scrolls of amnesia
 h - 6 scrolls of identify
 l - 2 scrolls of fear
 m - 4 scrolls of fog
 B - 2 scrolls of blinking
Potions
 b - 4 potions of invisibility
 d - 8 potions of might
 j - 3 potions of haste
 q - 7 potions of curing
 r - a potion of cancellation
 s - 3 potions of mutation
 v - a potion of brilliance
 C - a potion of resistance
 E - 2 potions of flight
 I - a potion of ambrosia
 J - a potion of berserk rage
Miscellaneous
 D - a condenser vane
 P - a lightning rod (4/4)


   Skills:
 + Level 16.9 Fighting
 + Level 19.7 Axes
 + Level 15.4 Armour
 + Level 6.0 Dodging
 + Level 1.2 Stealth
 + Level 17.4 Shields
 + Level 6.6 Invocations


You had 15 spell levels left.
You didn't know any spells.
Your spell library contained the following spells:

 Spells                   Type           Power      Damage    Failure   Level
 Apportation              Tloc           0%         N/A       100%        1
 Necrotise                Necr           0%         1d4       100%        1
 Blink                    Tloc           0%         N/A       100%        2
 Cigotuvi's Dreadful Rot  Necr/Pois/Air  0%         N/A       100%        2
 Lesser Beckoning         Tloc           0%         N/A       100%        2
 Momentum Strike          Conj/Tloc      0%         3d8       100%        2
 Poisonous Vapours        Pois/Air       0%         N/A       100%        2
 Frozen Ramparts          Ice            0%         1d1       100%        3
 Mephitic Cloud           Conj/Pois/Air  0%         N/A       100%        3
 Ice Form                 Ice/Tmut       0%         N/A       100%        4
 Petrify                  Tmut/Erth      0%         N/A       100%        4
 Freezing Cloud           Conj/Ice/Air   0%         6-21      100%        5
 Metabolic Englaciation   Hex/Ice        0%         N/A       100%        5
 Statue Form              Tmut/Erth      0%         N/A       100%        6
 Polar Vortex             Ice            0%         N/A       100%        9
 Summon Small Mammal      Summ           Unusable   N/A       N/A         1
 Summon Ice Beast         Ice/Summ       Unusable   N/A       N/A         4
 Simulacrum               Ice/Necr       Unusable   N/A       N/A         6

Dungeon Overview and Level Annotations

Branches:
Dungeon (14/15)            Temple (1/1) D:5            Lair (5/5) D:11
 Shoals (0/4) Lair:3        Snake (0/4) Lair:2        Slime (0/5) Lair:5
    Orc (2/2) D:11            Elf (0/3) Orc:2       Ossuary (visited)
  IceCv (visited)         Gauntlet (visited)
 Vaults: D:13-14

Altars:
Ashenzari
Cheibriados
Dithmenos
Elyvilon
Fedhas
Gozag
Hepliaklqana
Kikubaaqudgha
Makhleb
Nemelex Xobeh
Okawaru
Qazlal
Ru
Sif Muna
Trog
Uskayaw
Vehumet
Wu Jian
Xom
Yredelemnul
Zin
The Shining One
Jiyva

Shops:
D:9 *   Orc:2 **(=

Portals:
Pandemonium: Orc:2
Trove: D:10 (give +4 demon blade)

Annotations:
D:14 Louise


Innate Abilities, Weirdness & Mutations

You have a pair of horns on your head.
You reflexively headbutt those who attack you in melee.


Message History

The ufetubus attacks as you move away! You block the ufetubus's attack. x2
The efreet gestures at you.
The bolt of fire hits you but does no damage.
A large abomination comes into view.
You block the ufetubus's attack.
The ufetubus hits you but does no damage.
The ufetubus attacks as you move away! You block the ufetubus's attack. x2
You feel a bit more experienced. You block the ufetubus's attack. x2
You block the large abomination's attack.
You slash the large abomination! You burn the large abomination.
The large abomination is moderately damaged.
You slash the ufetubus! You burn the ufetubus.
You kill the ufetubus!
The ufetubus disappears in a puff of smoke!
The efreet gestures at you.
The bolt of fire hits you but does no damage.
The bolt of fire hits you!
* * * LOW HITPOINT WARNING * * *
You block the large abomination's attack.
You slash the large abomination! You burn the large abomination.
The large abomination is heavily damaged.
The ynoxinul gestures.
You slash the large abomination! You burn the large abomination.
The large abomination is severely damaged.
You block the large abomination's attack.
The efreet gestures at you.
The bolt of fire hits the ufetubus!!
The ufetubus is burned terribly!
The ufetubus dies!
The ufetubus disappears in a puff of smoke!
The bolt of fire hits the raiju!!
The raiju dies!
The bolt of fire hits you!
* * * LOW HITPOINT WARNING * * *
The bolt of fire hits you!
* * * LOW HITPOINT WARNING * * *
You feel better. The efreet gestures at you.
The bolt of fire hits the small abomination!
The bolt of fire hits you!!
You die...

#h##. #.##5.5##
...###.# .#.. ##
#...#...# #
#.#3..3...### .
##h°○.# .. ..#
#.R##○...# ####§#.##h
# #..x#...#...##
#.#@.#.#.#.#..###
......X###.#..#.#...#
###.#.. .#..# .###.#
#.#. #..# .#.#. ....#
# .#. ##. # ..# . ##
# . ### ## .## .# .
#. h. # . #...## #.#.
##


You could see a large abomination, an efreet, a ynoxinul and a small
abomination.

Vanquished Creatures
  2 bone dragons (Abyss:2)
  Gastronok (D:8)
  Agnes (D:14)
  Roxanne (D:14)
  A fenstrider witch (shapeshifter) (Gauntlet)
  The ghost of qborf the Severer, a journeyman AtFi of Okawaru (Lair:5)
  An orc warlord (Orc:1)
  A reaper (IceCv)
  Azrael (D:14)
  6 dire elephants
  A minotaur (Gauntlet)
  The ghost of Reshi88 the Basher, a journeyman MiFi of Yredelemnul (Orc:2)
  Snorg (D:14)
  A great orb of eyes (shapeshifter) (Gauntlet)
  Josephine (D:12)
  4 hydras
  An ogre mage (D:13)
  3 demonspawn (Orc:2)
  4 centaur warriors
  7 death yaks
  8 two-headed ogres
  A boulder beetle (Lair:1)
  A dancing weapon (Orc:2)
  6 orc high priests (Orc:2)
  2 thrashing horrors (Abyss:2)
  A sun demon (Orc:2)
  A spectral dire elephant (Lair:5)
  A skyshark (Lair:5)
  3 skeletal warriors (D:12)
  A fire crab (Lair:2)
  A deep elf knight (D:9)
  A death drake (Gauntlet)
  A sixfirhy (Abyss:2)
  A spectral anaconda (Lair:5)
  A spectral death yak (Lair:5)
  5 orc knights
  A wizard (D:9)
  An obsidian statue (Lair:5)
  3 necromancers (Lair:5)
  A harpy (D:14)
  An ugly thing (D:14)
  5 orc sorcerers (Orc:2)
  2 manticores
  A worldbinder (Abyss:2)
  5 cyclopes
  4 black mambas
  Joseph (D:10)
  2 spectral centaurs (Gauntlet)
  38 elephants
  2 ice statues (IceCv)
  2 torpor snails (Lair:5)
  A dire elephant skeleton (Lair:5)
  2 kobold demonologists (D:12)
  Psyche (D:8)
  An unseen horror (shapeshifter) (Gauntlet)
  2 rime drakes
  3 gargoyles
  2 unseen horrors (D:11)
  11 cane toads
  7 komodo dragons
  A freezing wraith (IceCv)
  3 ice devils (IceCv)
  A yaktaur (D:14)
  A tengu conjurer (D:14)
  5 trolls
  2 anaconda simulacra (IceCv)
  4 meliai
  A polar bear (Lair:2)
  Prince Ribbit (D:6)
  2 raiju (Abyss:2)
  3 hornets
  A snapping turtle (Lair:3)
  5 dream sheep (Lair:5)
  Grinder (D:4)
  3 blink frogs (Lair:1)
  A spectral elephant (Lair:5)
  A centaur simulacrum (D:14)
  11 slime creatures
  A spriggan (Lair:3)
  Sigmund (D:6)
  3 shadows
  3 vampires
  5 dire elephant simulacra
  51 yaks
  8 wraiths
  10 basilisks
  6 fire elementals (D:14)
  13 vampire mosquitoes
  A neqoxec (Orc:2)
  Menkaure (D:6)
  A steam dragon (D:9)
  Edmund (D:6)
  4 acid dragons
  3 harpy simulacra (IceCv)
  4 nagas (Lair:2)
  2 death yak simulacra
  2 wargs
  3 spectral cane toads (Lair:5)
  3 hell hounds
  Duvessa (D:7)
  15 water moccasins
  A hydra simulacrum (IceCv)
  37 orc warriors
  4 sky beasts
  A black bear (shapeshifter) (Gauntlet)
  An ice beast (D:6)
  A black bear (D:4)
  6 ogres
  19 wolves
  3 boggarts (D:14)
  4 centaurs
  2 phantoms
  6 kobold brigands
  9 bullfrogs
  A gnoll sergeant (D:9)
  4 scorpions
  3 two-headed ogre simulacra
  5 cane toad simulacra
  A killer bee (D:9)
  11 wights
  Dowan (D:7)
  2 elephant simulacra (Lair:5)
  A vampire bat (Lair:5)
  An electric eel (D:8)
  7 howler monkeys
  3 hounds (D:5)
  6 jellies
  37 orc priests
  Crazy Yiuf (D:3)
  A gnoll bouda (D:5)
  4 iguanas
  Natasha (thrice) (D:4)
  30 orc wizards
  A polar bear simulacrum (IceCv)
  2 spriggan simulacra
  9 mummies
  12 adders
  13 gnolls
  A naga simulacrum (IceCv)
  A white imp (D:5)
  3 ufetubi
  4 worms (D:2)
  2 dart slugs (D:1)
  100 orcs
  6 endoplasms
  4 giant cockroaches
  2 gnoll zombies (Ossuary)
  15 goblins
  10 hobgoblins
  3 jackals (D:1)
  26 kobolds
  5 quokkas
  10 ball pythons
  12 bats
  3 frilled lizards
  2 hobgoblin zombies (Ossuary)
  4 kobold zombies (Ossuary)
  8 rats
837 creatures vanquished.

Vanquished Creatures (others)
  Erica (D:10)
  A raiju (Abyss:2)
  A large abomination (Abyss:2)
  A quokka (D:4)
  94 fungi
  80 plants
  38 withered plants
216 creatures vanquished.

Grand Total: 1053 creatures vanquished

Notes
Turn   | Place    | Note
-------+----------+-------------------------------------------
     0 | D:1      | funkygono the Minotaur Fighter began the quest for the Orb.
     0 | D:1      | Reached XP level 1. HP: 19/19 MP: 0/0
   185 | D:1      | Reached XP level 2. HP: 24/27 MP: 1/1
   409 | D:1      | Found a faded altar of an unknown god.
   446 | D:1      | Reached XP level 3. HP: 33/33 MP: 2/2
   596 | D:1      | Reached skill level 3 in Axes
   966 | D:2      | Reached XP level 4. HP: 36/41 MP: 3/3
  1425 | D:3      | Reached skill level 4 in Axes
  1445 | D:3      | You fall into a shaft and drop 3 floors!
  1464 | D:5      | Entered Level 5 of the Dungeon
  1602 | D:5      | Reached XP level 5. HP: 44/47 MP: 4/4
  1920 | D:3      | Found a runed translucent door.
  1921 | D:3      | Noticed Crazy Yiuf
  2372 | D:3      | Reached skill level 5 in Axes
  2372 | D:3      | Reached skill level 5 in Armour
  2448 | D:3      | Found a shadowy altar of Dithmenos.
  2459 | D:3      | Found a snail-covered altar of Cheibriados.
  2521 | D:3      | Reached XP level 6. HP: 29/53 MP: 5/5
  2845 | D:3      | Killed Crazy Yiuf
  3050 | D:4      | Found a shimmering blue altar of Sif Muna.
  3095 | D:4      | Reached skill level 1 in Dodging
  3169 | D:4      | Noticed Natasha
  3173 | D:4      | Killed Natasha
  3225 | D:4      | Found a white marble altar of Elyvilon.
  3226 | D:4      | Noticed Natasha
  3232 | D:4      | Killed Natasha
  3233 | D:4      | Reached skill level 6 in Axes
  3236 | D:4      | Noticed Natasha
  3241 | D:4      | Reached XP level 7. HP: 57/60 MP: 6/6
  3243 | D:4      | Killed Natasha
  3389 | D:4      | Noticed Grinder
  3394 | D:4      | Killed Grinder
  3395 | D:4      | Reached skill level 5 in Fighting
  3395 | D:4      | Reached skill level 7 in Axes
  3571 | D:5      | Reached skill level 5 in Shields
  3711 | D:5      | Found an ancient bone altar of Kikubaaqudgha.
  3849 | D:5      | Reached XP level 8. HP: 34/69 MP: 7/7
  3870 | D:5      | Reached skill level 8 in Axes
  3990 | D:5      | Found a staircase to the Ecumenical Temple.
  4128 | Temple   | Entered the Ecumenical Temple
  4185 | Temple   | Became a worshipper of Warmaster Okawaru
  4671 | D:6      | Noticed Prince Ribbit
  4682 | D:6      | Reached skill level 9 in Axes
  4700 | D:6      | Killed Prince Ribbit
  4749 | D:6      | Noticed Sigmund
  4794 | D:6      | Killed Sigmund
  4901 | D:6      | Noticed a troll
  4916 | D:6      | Reached skill level 10 in Axes
  4917 | D:6      | Reached * piety under Okawaru
  4918 | D:6      | Reached XP level 9. HP: 75/78 MP: 8/8
  4924 | D:6      | Killed a troll
  4989 | D:6      | Noticed Menkaure
  4993 | D:6      | Killed Menkaure
  5029 | D:6      | Noticed Edmund
  5050 | D:6      | Killed Edmund
  5183 | D:6      | Noticed a moth of wrath
  5185 | D:6      | Found a bloodstained altar of Trog.
  5375 | D:6      | Found a sparkling altar of Nemelex Xobeh.
  5445 | D:6      | Reached skill level 12 in Axes
  5445 | D:6      | Reached skill level 5 in Dodging
  5445 | D:6      | Reached XP level 10. HP: 91/91 MP: 8/12
  5603 | D:7      | Reached skill level 10 in Armour
  5630 | D:7      | Found a hazy altar of Hepliaklqana.
  5661 | D:7      | Noticed Duvessa
  5661 | D:7      | Noticed Dowan
  5678 | D:7      | Killed Duvessa
  5687 | D:7      | Killed Dowan
  5860 | D:7      | Found an opulent altar of Gozag.
  6052 | D:8      | Reached ** piety under Okawaru
  6207 | D:8      | Found a sand-covered staircase.
  6215 | Ossuary  | Entered an ossuary
  6507 | D:8      | Noticed Gastronok
  6523 | D:8      | Killed Gastronok
  6524 | D:8      | Reached skill level 13 in Axes
  6524 | D:8      | Reached XP level 11. HP: 54/99 MP: 11/13
  6850 | D:8      | Reached skill level 10 in Fighting
  6897 | D:8      | Noticed Psyche
  6907 | D:8      | Killed Psyche
  7153 | D:9      | Found Neseha's General Store.
  7167 | D:9      | Noticed a two-headed ogre
  7181 | D:9      | Killed a two-headed ogre
  7538 | D:9      | Found a stormy altar of Qazlal.
  7769 | D:9      | Reached skill level 14 in Axes
  7836 | D:9      | Found an ornate altar of the Wu Jian Council.
  8135 | D:10     | Entered Level 10 of the Dungeon
  8135 | D:10     | Noticed a wizard
  8135 | D:10     | Noticed a deep elf knight
  8155 | D:9      | Killed a wizard
  8262 | D:10     | Noticed Erica
  8274 | D:10     | Noticed Joseph
  8286 | D:10     | Noticed an orc knight
  8289 | D:10     | Killed Erica
  8303 | D:9      | Killed a deep elf knight
  8304 | D:9      | Killed an orc knight
  8304 | D:9      | Reached *** piety under Okawaru
  8350 | D:10     | Noticed a +5 demon blade
  8357 | D:10     | Killed Joseph
  8514 | D:10     | Found a portal to a secret trove of treasure.
  9281 | D:11     | Reached skill level 15 in Axes
  9343 | D:11     | Found a staircase to the Orcish Mines.
  9356 | D:11     | Reached XP level 12. HP: 108/108 MP: 12/14
  9392 | D:11     | Noticed a two-headed ogre
  9404 | D:11     | Killed a two-headed ogre
  9470 | D:11     | Found a frozen archway.
  9483 | IceCv    | Entered an ice cave
  9679 | IceCv    | Reached **** piety under Okawaru
  9772 | IceCv    | Reached skill level 16 in Axes
  9791 | IceCv    | Reached skill level 10 in Shields
  9869 | IceCv    | Noticed a reaper
  9892 | IceCv    | Killed a reaper
 10063 | D:11     | Found a staircase to the Lair.
 10435 | D:11     | Reached skill level 5 in Invocations
 10700 | Lair:1   | Entered Level 1 of the Lair of Beasts
 10857 | Lair:1   | Reached ***** piety under Okawaru
 11041 | Lair:1   | Reached XP level 13. HP: 116/118 MP: 15/15
 11740 | Lair:2   | Reached skill level 1 in Stealth
 12089 | Lair:2   | Found a staircase to the Snake Pit.
 12125 | Lair:2   | Received a gift from Okawaru
 12873 | Lair:3   | Paralysed by a hornet for 3 turns
 13013 | Lair:3   | Noticed a dire elephant
 13018 | Lair:3   | Reached skill level 17 in Axes
 13032 | Lair:3   | Killed a dire elephant
 13049 | Lair:3   | Upgraded the game from 0.30-a0-920-g7493c07aab to
                  | 0.30-a0-924-g0ad0bf95bc
 13098 | Lair:3   | Identified the +1 hat of the Hart {+Inv MP+9 Dex+2}
                  | (Okawaru gifted it to you on level 3 of the Lair of Beasts)
 13098 | Lair:3   | Received a gift from Okawaru
 13421 | Lair:3   | Found a staircase to the Shoals.
 13781 | Lair:4   | Reached XP level 14. HP: 106/130 MP: 17/17
 13796 | Lair:4   | Found a gate leading to a gauntlet.
 13816 | Gauntlet | Entered a Gauntlet
 13816 | Gauntlet | Found a transporter.
 13816 | Gauntlet | Found a transporter.
 13816 | Gauntlet | Found a transporter.
 13822 | Gauntlet | Found a transporter.
 13831 | Gauntlet | Found a transporter.
 13874 | Gauntlet | Found a transporter.
 13882 | Gauntlet | Found a transporter.
 13890 | Gauntlet | Found a transporter.
 13908 | Gauntlet | Found a transporter.
 13918 | Gauntlet | Found a transporter.
 14007 | Gauntlet | Found a transporter.
 14028 | Gauntlet | Found a transporter.
 14169 | Gauntlet | HP: 6/130 [poisoned by a death drake (dark miasma)]
 14273 | Gauntlet | Noticed a fenstrider witch
 14273 | Gauntlet | a fenstrider witch changed into an alligator snapping
                  | turtle
 14274 | Gauntlet | an alligator snapping turtle changed into a caustic shrike
 14274 | Gauntlet | Noticed a caustic shrike (glowing shapeshifter)
 14275 | Gauntlet | a caustic shrike changed into an iron dragon
 14275 | Gauntlet | Noticed an iron dragon (glowing shapeshifter)
 14282 | Gauntlet | Identified the +1 helmet "Leimimen" {+Blink rN+ Int+3
                  | Dex+3}
 14283 | Gauntlet | an iron dragon changed into an acid blob
 14283 | Gauntlet | Noticed an acid blob (glowing shapeshifter)
 14285 | Gauntlet | an acid blob changed into an iron giant
 14285 | Gauntlet | Noticed an iron giant (glowing shapeshifter)
 14287 | Gauntlet | an iron giant changed into a shadow dragon
 14287 | Gauntlet | Noticed a shadow dragon (glowing shapeshifter)
 14289 | Gauntlet | a shadow dragon changed into a sphinx
 14289 | Gauntlet | Noticed a sphinx (glowing shapeshifter)
 14292 | Gauntlet | a sphinx changed into a shadow dragon
 14292 | Gauntlet | Noticed a shadow dragon (glowing shapeshifter)
 14294 | Gauntlet | a shadow dragon changed into a golden dragon
 14294 | Gauntlet | Noticed a golden dragon (glowing shapeshifter)
 14306 | Gauntlet | a golden dragon changed into a caustic shrike
 14306 | Gauntlet | Noticed a caustic shrike (glowing shapeshifter)
 14308 | Gauntlet | a caustic shrike changed into a fenstrider witch
 14308 | Gauntlet | Noticed a fenstrider witch (glowing shapeshifter)
 14311 | Gauntlet | HP: 6/130 [fenstrider witch (glowing shapeshifter) (1)]
 14315 | Gauntlet | Killed a fenstrider witch
 14502 | Gauntlet | Identified the staff of earth "Erhour" {*Corrode rPois
                  | Str+3 Int+6}
 14889 | Lair:4   | Received a gift from Okawaru
 15573 | Lair:5   | Entered Level 5 of the Lair of Beasts
 15692 | Lair:5   | Reached skill level 18 in Axes
 15797 | Lair:5   | Found a viscous altar of Jiyva.
 15810 | Lair:5   | Found a staircase to the Slime Pits.
 15920 | Lair:5   | Found a runed translucent door.
 15921 | Lair:5   | Noticed qborf's ghost (journeyman AtFi)
 16023 | Lair:5   | Identified the +4 crystal plate armour "Coing" {+Inv rPois}
                  | (Okawaru gifted it to you on level 5 of the Lair of Beasts)
 16023 | Lair:5   | Received a gift from Okawaru
 16928 | Lair:5   | Reached skill level 15 in Fighting
 16948 | Lair:5   | Reached XP level 15. HP: 38/134 MP: 18/18
 17182 | Lair:5   | Killed qborf's ghost
 17405 | Orc:1    | Entered Level 1 of the Orcish Mines
 17494 | Orc:1    | Found an iron altar of Okawaru.
 17966 | Orc:2    | Entered Level 2 of the Orcish Mines
 17976 | Orc:2    | Found a staircase to the Elven Halls.
 18136 | Orc:2    | Found Myarefo's General Store.
 18146 | Orc:2    | Found Ziklet's General Store.
 18186 | Orc:2    | Received a gift from Okawaru
 18371 | Orc:2    | Reached skill level 15 in Shields
 18540 | Orc:2    | Found a runed translucent door.
 18543 | Orc:2    | Found a shimmering altar of Xom.
 18543 | Orc:2    | Noticed Reshi88's ghost (journeyman MiFi)
 18721 | Orc:2    | Paralysed by an orc sorcerer for 5 turns
 18737 | Orc:2    | Reached skill level 19 in Axes
 18832 | Orc:2    | Found Bega's Jewellery Shoppe.
 18832 | Orc:2    | Found Itwosocy's Antique Weapon Emporium.
 18833 | Orc:2    | Found a one-way gate leading to the halls of Pandemonium.
 19045 | Orc:2    | Killed Reshi88's ghost
 19118 | Orc:2    | Bought a scroll of enchant armour for 97 gold pieces
 19118 | Orc:2    | Bought the amulet "Cezxen Nadi" {Reflect Slay+3 SH+5
                  | Stlth+} for 681 gold pieces
 19478 | D:12     | Noticed Josephine
 19484 | D:12     | Killed Josephine
 19958 | D:12     | Reached skill level 15 in Armour
 20277 | D:13     | Reached ****** piety under Okawaru
 20277 | D:13     | Received a gift from Okawaru
 20711 | D:13     | Reached XP level 16. HP: 152/152 MP: 19/19
 21270 | D:14     | Noticed Roxanne
 21288 | D:14     | Killed Roxanne
 21509 | D:14     | Noticed Agnes
 21523 | D:14     | Killed Agnes
 21533 | D:14     | Noticed Azrael
 21585 | D:14     | HP: 7/152 [Azrael/fireball (27)]
 21588 | D:14     | Killed Azrael
 22050 | D:14     | Noticed Snorg
 22063 | D:14     | Killed Snorg
 22077 | D:14     | Noticed Louise
 22117 | Abyss:2  | Cast into level 2 of the Abyss (Louise)
 22202 | Abyss:2  | Noticed a bone dragon
 22222 | Abyss:2  | Killed a bone dragon
 22366 | Abyss:2  | Noticed a profane servitor
 22391 | Abyss:2  | Noticed a bone dragon
 22417 | Abyss:2  | Killed a bone dragon
 22453 | Abyss:2  | HP: 2/140 [something/bolt of fire (15)]
 22454 | Abyss:2  | Killed from afar by an efreet

Illustrated notes

Levels and vault maps discovered:
D:1:      scummos_arrival_forest, layout_loops_ring,
          hellmonk_ecumenical_altar_crossroads
D:2:      layout_loops_cross, minmay_tromino_i4
D:3:      layout_loops_ring, amethyst_overflow_temple_binary, roderic_lattice_a,
          corexii_item_surrounded_by_moat, uniq_crazy_yiuf_cottage
D:4:      cheibrodos_greedy_goblins, layout_gridville, elyvilon_altar_4,
          lemuel_crystal_altar, uniq_grinder, uniq_natasha
D:5:      minmay_recursive_quarters, layout_cave_pods,
          kiku_gazebo_garden_becter, minmay_temple_entry_antechambers,
          amcnicky_mini_pool_small, kennysheep_generic_room_16
D:6:      layout_basic, tgw_trog, nemelex_spade_bored_becter, uniq_sigmund,
          uniq_edmund, uniq_menkaure, uniq_prince_ribbit1
D:7:      layout_cave_pools, mainiacjoe_overflow_cross_hatched,
          lemuel_doored_altar, uniq_duvessa
D:8:      layout_basic, gup_ossuary_entry_pyramid, nicolae_lava_and_water,
          uniq_gastronok, uniq_psyche
D:9:      layout_stronghold, mainiacjoe_overflow_tiny_flanked,
          nicolae_qazlal_general_emergency, st_stairs_8, kennysheep_small_circle
D:10:     layout_basic, enter_trove_0, corexii_leaking_fountain, sword_in_stone
D:11:     minmay_cornered_nines, layout_irregular_city,
          grunt_lair_entry_orc_guard_hut, david_orc_5,
          portal_ice_cave_entry_ice_simulacra
D:12:     layout_basic, uniq_josephine
D:13:     layout_basic
D:14:     hangedman_cross_stitches, layout_grid_maze, erik_vaults_2,
          chequers_mini_garden, uniq_azrael, uniq_louise, uniq_agnes,
          uniq_snorg, uniq_roxanne
Temple:   nicolae_temple_bog_church
Lair:1:   layout_small_grid, lemuel_fruit_tree, lemuel_fruit_fields,
          infiniplex_staircase_pool_2, serial_bayou_shore_b, grunt_megastairs_3
Lair:2:   layout_cave_pods, minmay_snake_entry_guardpost_medium
Lair:3:   mu_elephants_graveyard, layout_cave_shapes, minmay_shoals_entry_hut,
          small_statue_intersection, beast_lair_carwin_1
Lair:4:   layout_cave_pods, gauntlet_entry_generic
Lair:5:   due_jungle_book, layout_cave_pods, nicolae_slime_entry_slimehenge,
          ebering_ghost_inner_flame, enter_volcano_3, roderic_batcave
Orc:1:    layout_caves, okawaru_metal_pillars_1_2, uniq_erica
Orc:2:    pf_orc_diabolical, layout_caves, ebering_ghost_xom
Abyss:2:  base:
D:11

Skill      XL: |  1  2  3  4  5  6  7  8  9 10 11 12 13 14 15 16 |
---------------+-------------------------------------------------+-----
Armour         | 4 5 6 7 9 10 11 13 14 15 | 15.4
Fighting       | 4 5 6 9 10 12 13 15 16 | 16.9
Shields        | 4 5 6 8 9 10 12 14 16 17 | 17.4
Axes           | 3 4 5 6 7 10 12 13 15 16 17 18 19 | 19.7
Dodging        | 1 5 6 |  6.0
Invocations    | 4 5 6 |  6.6
Stealth        | 1 |  1.2

Action                     |  1- 3 |  4- 6 |  7- 9 | 10-12 | 13-15 | 16-18 || total
---------------------------+-------+-------+-------+-------+-------+-------++-------
  Melee: War axe           |    69 |   112 |   192 |   625 |  1212 |   179 ||  2389
         Headbutt          |     9 |    17 |    38 |   134 |   335 |    53 ||   586
  Throw: Throwing net      |       |     1 |       |       |       |       ||     1
 Invoke: Heroism           |       |       |     1 |    27 |    34 |     4 ||    66
         Finesse           |       |       |       |     1 |     1 |       ||     2
    Use: Scroll            |       |     9 |     6 |    12 |     5 |     3 ||    35
         Potion            |       |       |     1 |       |     3 |     6 ||    10
 Armour: Scale mail        |    26 |    28 |       |       |       |       ||    54
         Plate armour      |       |    24 |   119 |   315 |   263 |       ||   721
         Crystal plate arm |       |       |       |       |   345 |   130 ||   475
  Dodge: Dodged            |    25 |    51 |    51 |   148 |   284 |    50 ||   609
  Block: Buckler           |    17 |    38 |    27 |    66 |       |       ||   148
         Kite shield       |       |       |       |   165 |   780 |   228 ||  1173
         Reflection        |       |       |       |       |     7 |    11 ||    18

Table legend: (Time is in decaauts)
 A = Elapsed time spent in this place.
 B = Non-inter-level travel time spent in this place.
 C = Inter-level travel time spent in this place.
 D = Time resting spent in this place.
 E = Time spent auto-exploring this place.
 F = Levels seen in this place.
 G = Mean time per level.
                   A        B        C        D        E       F      G
               +--------+--------+--------+--------+--------+-----+--------+
         Total |  22179 |  21347 |    832 |    673 |  14829 |  26 |  853.0 |
       Dungeon |  12744 |  12226 |    518 |    609 |   8486 |  14 |  910.3 |
        Temple |    172 |    165 |      7 |      0 |    144 |   1 |  172.0 |
          Lair |   5722 |   5477 |    245 |     55 |   4159 |   5 | 1144.4 |
  Orcish Mines |   1731 |   1670 |     61 |      0 |   1106 |   2 |  865.5 |
         Abyss |    323 |    323 |      0 |      0 |    202 |   1 |  323.0 |
       Ossuary |    212 |    212 |      0 |      0 |    111 |   1 |  212.0 |
      Ice Cave |    498 |    498 |      0 |      9 |    286 |   1 |  498.0 |
      Gauntlet |    774 |    774 |      0 |      0 |    334 |   1 |  774.0 |
               +--------+--------+--------+--------+--------+-----+--------+

Top non-repeatable levels by time:
  Lair:5: 1619 daAuts
     D:3: 1313 daAuts
    D:11: 1256 daAuts
  Lair:2: 1182 daAuts
     D:9: 1176 daAuts
     D:5: 1160 daAuts
   Orc:2: 1151 daAuts
    D:13: 1138 daAuts
  Lair:4: 1079 daAuts
  Lair:1: 986 daAuts
     D:8: 904 daAuts
    D:14: 887 daAuts
  Lair:3: 855 daAuts
     D:6: 832 daAuts
Gauntlet: 774 daAuts
